 Dungeon Crawl Stone Soup version 0.26.1-10-gdfb7c7de75 (webtiles) character file.

Game seed: 17634178583661506706

66822 manyhoops the Grappler (level 14, 0/130 HPs)
             Began as a Palentonga Transmuter on Apr 3, 2021.
             Was a Follower of Uskayaw.
             Slain by a seven-headed hydra (11 damage)
             ... on level 6 of the Lair of Beasts.
             The game lasted 00:50:35 (34228 turns).

manyhoops the Grappler (Palentonga Transmuter)     Turns: 34228, Time: 00:50:36

Health: 0/130      AC: 21    Str: 18    XL:     14   Next: 80%
Magic:  21/25      EV: 14    Int: 14    God:    Uskayaw [*.....]
Gold:   1036       SH:  0    Dex: 11    Spells: 16/28 levels left

rFire    + + .     SeeInvis +     - Unarmed
rCold    + . .     Faith    +   (no shield)
rNeg     . . .     Spirit   .   K - +2 robe {rC+ rF+}
rPois    .         Reflect  .   s - +1 helmet
rElec    .         Harm     .   j - +2 cloak
rCorr    .         Rampage  .   L - +2 pair of gloves
Will     ++...                  (no barding)
Stlth    +.........             k - amulet of faith
HPRegen  0.31/turn              T - ring of flight
MPRegen  0.19/turn              Q - ring of protection from fire

@: hasted, curled up, very quick
A: large, rugged brown scales 3, see invisible, deformed body, strong-willed 1,
mutation resistance 1, sense surroundings 1, roll 1, armoured tail, reflexive
curl
a: Rolling Charge, Renounce Religion, Evoke Flight, Stomp


You were on level 6 of the Lair of Beasts.
You worshipped Uskayaw.
Uskayaw was aware of your devotion.
You visited 3 branches of the dungeon, and saw 22 of its levels.
You also visited: Ossuary.

You collected 1252 gold pieces.
You spent 216 gold pieces at shops.

Inventory:

Missiles
 z - 2 throwing nets
Armour
 j - a +2 cloak (worn)
 s - a +1 helmet (worn)
 C - the +7 chain mail of the Ant {Dex+4}
   (You found it on level 9 of the Dungeon)

   It affects your dexterity (+4).
 E - a +2 robe of willpower
 K - a +2 robe of resistance (worn)
 L - a +2 pair of gloves (worn)
Jewellery
 k - an amulet of faith (around neck)
 u - an uncursed ring of magical power
 x - an uncursed amulet of guardian spirit {unknown}
 Q - a ring of protection from fire (right hand)
 T - a ring of flight (left hand)
Wands
 p - a wand of acid (18)
 t - a wand of polymorph (11)
 v - a wand of disintegration (41)
 B - a wand of iceblast (3)
 G - a wand of paralysis (8)
 N - a wand of flame (18)
 R - a wand of random effects (18)
Scrolls
 c - 19 scrolls of remove curse
 f - 5 scrolls of teleportation
 g - 5 scrolls of fog
 i - 2 scrolls of enchant armour
 m - 2 scrolls of summoning
 o - 2 scrolls of vulnerability
 r - 8 scrolls of immolation
 y - 2 scrolls of noise
 F - 2 scrolls of amnesia
 M - a scroll of silence
Potions
 a - a potion of magic {unknown}
 b - a potion of flight
 d - a potion of brilliance
 e - 15 potions of curing
 n - 4 potions of might
 q - 5 potions of lignification
 w - a potion of ambrosia
 D - a potion of resistance
 H - a potion of attraction {unknown}
 I - a potion of berserk rage
 O - a potion of invisibility {unknown}
 P - a potion of cancellation
Miscellaneous
 l - a box of beasts
 A - a box of beasts


   Skills:
 * Level 10.6 Fighting
 - Level 10.0 Dodging
 + Level 14.9 Unarmed Combat
 - Level 7.5 Spellcasting
 - Level 10.4 Transmutations
 - Level 9.8 Invocations


You had 16 spell levels left.
You knew the following spells:

 Your Spells              Type           Power        Failure   Level
a - Beastly Appendage     Tmut           68%          1%          1
b - Wereblood             Tmut           34%          1%          2
d - Ice Form              Ice/Tmut       19%          16%         4
f - Blade Hands           Tmut           17%          5%          5

Your spell library contained the following spells:

 Spells                   Type           Power        Failure   Level
 Spider Form              Tmut/Pois      9%           4%          3
 Animate Skeleton         Necr           10%          14%         1
 Apportation              Tloc           10%          14%         1
 Corona                   Hex            5%           14%         1
 Foxfire                  Conj/Fire      20%          14%         1
 Summon Small Mammal      Summ           20%          14%         1
 Petrify                  Tmut/Erth      19%          16%         4
 Slow                     Hex            5%           21%         2
 Confusing Touch          Hex            5%           38%         3
 Conjure Flame            Conj/Fire      5%           38%         3
 Gell's Gravitas          Tloc           2%           38%         3
 Inner Flame              Hex/Fire       5%           38%         3
 Portal Projectile        Hex/Tloc       10%          38%         3
 Yara's Violent Unravell  Hex/Tmut       9%           41%         5
 Cause Fear               Hex            2%           80%         4
 Leda's Liquefaction      Hex/Erth       2%           80%         4
 Sticky Flame             Conj/Fire      5%           80%         4
 Fireball                 Conj/Fire      2%           98%         5
 Metabolic Englaciation   Hex/Ice        2%           98%         5
 Summon Demon             Summ           2%           98%         5
 Summon Forest            Summ/Tloc      2%           98%         5
 Summon Mana Viper        Hex/Summ       5%           98%         5
 Shadow Creatures         Summ           N/A          100%        6
 Summon Hydra             Summ           2%           100%        7


Dungeon Overview and Level Annotations

Branches:
Dungeon (15/15)            Temple (1/1) D:4            Lair (6/6) D:10
  Swamp (0/4) Lair:4       Spider (0/4) Lair:3        Slime (0/5) Lair:5
    Orc (0/2) D:12        Ossuary (visited)
 Vaults: D:13-14     Depths: D:15

Altars:
Ashenzari
Cheibriados
Dithmenos
Elyvilon
Fedhas
Gozag
Hepliaklqana
Kikubaaqudgha
Makhleb
Nemelex Xobeh
Okawaru
Qazlal
Ru
Sif Muna
Trog
Uskayaw
Vehumet
Wu Jian
Xom
Yredelemnul
Zin
The Shining One

Shops:
D:9 (   D:12 !

Annotations:
D:14 1 transporter, exclusion: ice statue, Uummannaq's ghost, journeyman MiFi
Lair:1 exclusion: oklob plant
Lair:6 Snorg


Innate Abilities, Weirdness & Mutations

You are completely covered in rugged brown scales. (AC +3, +7% HP)
You have supernaturally acute eyesight. (SInv)
Armour fits poorly on your strangely shaped body.
You can roll at nearby foes to attack.
You have a long armoured tail.
You curl defensively after being hit.
You are strong-willed. (Will+)
You are somewhat resistant to further mutation.
You passively map a small area around you.


Message History

The seven-headed hydra barely misses you.
The seven-headed hydra bites you!!
* * * LOW HITPOINT WARNING * * *
You feel yourself speed up. The seven-headed hydra bites you!
* * * LOW HITPOINT WARNING * * *
The seven-headed hydra bites you but does no damage. x2
The seven-headed hydra closely misses you.
The seven-headed hydra bites you.
* * * LOW HITPOINT WARNING * * *
The seven-headed hydra closely misses you.
The seven-headed hydra completely misses you.
The seven-headed hydra bites you but does no damage.
The seven-headed hydra completely misses you.
The seven-headed hydra bites you!
* * * LOW HITPOINT WARNING * * *
The seven-headed hydra closely misses you.
The seven-headed hydra bites you.
* * * LOW HITPOINT WARNING * * *
The seven-headed hydra bites you!
You die...

≈≈≈≈..P≈...........###
≈≈P≈..............###
≈≈≈≈P.≈.............#
P≈≈≈≈.....=........##
≈≈≈≈..............#.#
≈≈≈≈≈............^###
≈≈≈≈≈.≈...........#
≈≈;≈≈P........D...#
≈≈≈≈≈.#........@..#
#≈##≈≈.#...........###
######.#.............#
≈.≈#####......<......#
≈≈≈≈.≈#............###
P.≈.≈.#......÷.....##
......#.............#
.P........(........###
...................#.#


You could see a seven-headed hydra.

Vanquished Creatures
  Agnes (D:15)
  Kirke (D:13)
  3 hydras
  A boulder beetle (D:11)
  5 centaur warriors
  2 catoblepae
  4 two-headed ogres
  6 death yaks
  Sonja (Lair:4)
  2 unseen horrors
  A lindwurm (Lair:4)
  2 deep elf magi
  An oklob plant (Lair:5)
  2 slime creatures
  2 ugly things
  4 cyclopes
  3 elephants (Lair:2)
  3 black mambas
  2 gargoyles
  27 cane toads
  A torpor snail (Lair:4)
  A kobold demonologist (D:13)
  6 rime drakes
  6 komodo dragons
  4 trolls
  2 meliai (D:14)
  A queen bee (D:14)
  2 tyrant leeches (Lair:6)
  Grinder (D:3)
  3 polar bears
  A hornet (Lair:2)
  A meliai zombie (D:11)
  19 blink frogs
  6 dream sheep
  A shadow (D:11)
  3 wyverns
  44 yaks
  2 wraiths
  4 basilisks
  13 vampire mosquitoes
  A hog (D:13)
  A steam dragon (D:11)
  A warg (D:12)
  A swamp worm (D:9)
  11 water moccasins
  4 ice beasts
  6 sky beasts
  2 black bears
  2 phantoms
  A hornet zombie (D:14)
  5 orc warriors
  An eye of draining (D:15)
  16 wolves
  7 ogres
  8 centaurs
  6 elf zombies (Ossuary)
  A big kobold (D:10)
  24 bullfrogs
  A gnoll sergeant (D:9)
  4 wyvern skeletons
  3 scorpions
  15 killer bees
  5 howler monkeys
  3 electric eels (Lair:4)
  11 wights (D:9)
  A quasit (D:9)
  2 bullfrog zombies
  3 centaur skeletons
  7 hounds
  2 human zombies (Ossuary)
  9 centaur zombies
  5 bullfrog skeletons
  6 orc priests
  6 iguanas
  7 jellies
  14 orc wizards
  Terence (D:3)
  Crazy Yiuf (D:2)
  Natasha (thrice) (D:2)
  4 worker ants
  A killer bee zombie (D:6)
  5 hound zombies
  3 hound skeletons
  3 mummies (Ossuary)
  Robin (D:2)
  A howler monkey skeleton (D:5)
  2 worker ant zombies
  9 gnolls
  13 adders
  A shadow imp (D:10)
  2 white imps
  An ufetubus (D:9)
  2 oozes (Lair:5)
  4 adder zombies
  2 worms
  5 dart slugs
  6 leopard geckos
  33 orcs
  3 giant cockroaches
  11 goblins
  11 hobgoblins
  3 jackals (D:2)
  10 kobolds
  4 quokkas
  2 ball pythons
  5 bats
  A frilled lizard (D:1)
  2 gnoll zombies (D:3)
  A jackal zombie (D:6)
  A quokka zombie (D:6)
  8 rats
561 creatures vanquished.

Vanquished Creatures (others)
  A cane toad (Lair:5)
  A hornet (D:13)
  3 humans (D:13)
  A water moccasin (Lair:5)
  A killer bee (D:13)
  An electric eel (D:13)
  A jelly (D:13)
  A bullfrog zombie (D:13)
  An iguana (D:13)
  An orc wizard (D:13)
  2 goblins (D:2)
  A bush (Lair:6)
  58 fungi
  159 plants
  4 toadstools (D:3)
236 creatures vanquished.

Grand Total: 797 creatures vanquished

Notes
Turn   | Place    | Note
-------+----------+-------------------------------------------
     0 | D:1      | manyhoops the Palentonga Transmuter began the quest for the
                  | Orb.
     0 | D:1      | Reached XP level 1. HP: 17/17 MP: 3/3
   355 | D:1      | Reached XP level 2. HP: 16/24 MP: 3/5
   867 | D:1      | Reached XP level 3. HP: 29/31 MP: 4/6
   870 | D:1      | Learned a level 2 spell: Wereblood
  1207 | D:1      | Reached skill level 4 in Unarmed Combat
  1833 | D:2      | Reached XP level 4. HP: 7/38 MP: 7/7
  2120 | D:2      | Noticed Robin
  2320 | D:2      | Killed Robin
  2570 | D:2      | Found a radiant altar of Vehumet.
  2770 | D:2      | Found a runed translucent door.
  2771 | D:2      | Noticed Crazy Yiuf
  2794 | D:2      | Noticed Natasha
  2799 | D:2      | Killed Natasha
  2800 | D:2      | Reached skill level 5 in Unarmed Combat
  2926 | D:2      | Reached XP level 5. HP: 44/44 MP: 8/8
  2935 | D:2      | Noticed Natasha
  2939 | D:2      | Killed Natasha
  3017 | D:2      | Noticed Natasha
  3018 | D:2      | Killed Natasha
  3178 | D:2      | Killed Crazy Yiuf
  3460 | D:3      | Noticed Grinder
  3614 | D:3      | Found an opulent altar of Gozag.
  3696 | D:4      | Found a staircase to the Ecumenical Temple.
  3712 | Temple   | Entered the Ecumenical Temple
  4037 | Temple   | Became a worshipper of Uskayaw the Reveller
  4145 | D:4      | Found a sand-covered staircase.
  4241 | Ossuary  | Entered an ossuary
  4253 | Ossuary  | Reached * piety under Uskayaw
  4254 | Ossuary  | Reached ** piety under Uskayaw
  4260 | Ossuary  | Reached *** piety under Uskayaw
  4262 | Ossuary  | Reached **** piety under Uskayaw
  4276 | Ossuary  | Reached skill level 6 in Unarmed Combat
  4276 | Ossuary  | Reached XP level 6. HP: 36/54 MP: 6/9
  4276 | Ossuary  | Reached ***** piety under Uskayaw
  4404 | Ossuary  | Reached skill level 7 in Unarmed Combat
  4416 | Ossuary  | Gained mutation: You curl defensively after being hit.
                  | [Palentonga growth]
  4416 | Ossuary  | Reached XP level 7. HP: 20/62 MP: 5/10
  5164 | D:3      | Paralysed by Grinder for 3 turns
  5168 | D:3      | Killed Grinder
  5169 | D:3      | Reached XP level 8. HP: 45/70 MP: 8/11
  5346 | D:3      | Found an ancient bone altar of Kikubaaqudgha.
  5389 | D:3      | Found an opulent altar of Gozag.
  5592 | D:3      | Reached skill level 5 in Dodging
  5812 | D:3      | Found a basalt altar of Yredelemnul.
  5950 | D:3      | Noticed Terence
  5953 | D:3      | Killed Terence
  6115 | D:4      | You fall into a shaft and drop 3 floors!
  6790 | D:7      | Reached skill level 5 in Fighting
  7249 | D:5      | Entered Level 5 of the Dungeon
  7616 | D:5      | Reached XP level 9. HP: 42/84 MP: 12/12
  8385 | D:4      | Found a sparkling altar of Nemelex Xobeh.
  9552 | D:6      | Found a snail-covered altar of Cheibriados.
  9589 | D:6      | Found a broken altar of Ashenzari.
  9787 | D:6      | Reached skill level 5 in Transmutations
 10144 | D:7      | Found a glowing golden altar of the Shining One.
 10826 | D:7      | Noticed a boulder beetle
 10950 | D:8      | Learned a level 1 spell: Apportation
 10955 | D:8      | Learned a level 4 spell: Ice Form
 11245 | D:8      | Learned a level 5 spell: Blade Hands
 11264 | D:8      | Noticed a two-headed ogre
 11494 | D:8      | Killed a two-headed ogre
 11495 | D:8      | Reached XP level 10. HP: 94/94 MP: 13/13
 11755 | D:8      | Found an ornate altar of the Wu Jian Council.
 11760 | D:8      | Found an iron altar of Okawaru.
 12038 | D:9      | Noticed a centaur warrior
 12046 | D:9      | Killed a centaur warrior
 12274 | D:9      | Got a faintly glowing chain mail
 12287 | D:9      | Identified the +7 chain mail of the Ant {Dex+4} (You found
                  | it on level 9 of the Dungeon)
 12419 | D:9      | Reached skill level 10 in Transmutations
 12639 | D:9      | Found Uwojozer's Antique Weapon Boutique.
 13156 | D:9      | Found a white marble altar of Elyvilon.
 13433 | D:10     | Entered Level 10 of the Dungeon
 13922 | D:10     | Reached skill level 5 in Spellcasting
 14517 | D:10     | Found a staircase to the Lair.
 14520 | D:10     | Reached XP level 11. HP: 100/100 MP: 20/20
 14622 | D:11     | Noticed a brown ugly thing
 14953 | D:11     | Noticed a boulder beetle
 14962 | D:11     | Killed a boulder beetle
 15092 | D:11     | Reached skill level 1 in Invocations
 15425 | D:11     | Killed a purple ugly thing
 15687 | D:11     | Reached skill level 5 in Invocations
 16167 | D:12     | Noticed a six-headed hydra
 16232 | D:12     | Found a glowing silver altar of Zin.
 16255 | D:12     | Noticed an unseen horror
 16262 | D:12     | Killed an unseen horror
 16335 | D:12     | You fall into a shaft and drop 3 floors!
 16335 | D:15     | Entered Level 15 of the Dungeon
 16430 | D:15     | Noticed Agnes
 16710 | D:15     | Killed Agnes
 16902 | D:15     | Noticed a deep elf mage
 16907 | D:15     | Killed a deep elf mage
 16958 | D:15     | Noticed a five-headed hydra
 16966 | D:15     | Killed a five-headed hydra
 17297 | D:14     | Noticed a two-headed ogre
 17517 | D:13     | Reached XP level 12. HP: 95/108 MP: 23/23
 17765 | D:13     | Found an ancient bone altar of Kikubaaqudgha.
 17935 | D:13     | Noticed a centaur warrior
 17943 | D:13     | Killed a centaur warrior
 18275 | D:13     | Reached skill level 8 in Unarmed Combat
 18302 | D:13     | Noticed a centaur warrior
 18313 | D:13     | Killed a centaur warrior
 18552 | D:13     | Noticed Kirke
 18558 | D:13     | Killed Kirke
 18682 | D:13     | Noticed a two-headed ogre
 18685 | D:13     | Killed a two-headed ogre
 18686 | D:13     | Reached skill level 9 in Unarmed Combat
 19624 | D:12     | Reached skill level 10 in Unarmed Combat
 19831 | D:12     | Reached ****** piety under Uskayaw
 20405 | D:12     | Reached skill level 11 in Unarmed Combat
 20686 | D:12     | Killed a six-headed hydra
 20687 | D:12     | Reached skill level 10 in Fighting
 20687 | D:12     | Reached XP level 13. HP: 120/120 MP: 24/24
 20733 | D:12     | Found Uchih's Distillery.
 20741 | D:12     | Bought a potion of heal wounds for 60 gold pieces
 20741 | D:12     | Bought a potion of curing for 36 gold pieces
 20741 | D:12     | Bought a potion of curing for 36 gold pieces
 20741 | D:12     | Bought a potion of curing for 36 gold pieces
 20741 | D:12     | Bought a potion of might for 48 gold pieces
 20766 | D:12     | Found a staircase to the Orcish Mines.
 20787 | D:12     | You fall into a shaft and drop 2 floors!
 21478 | D:14     | Found Cheibriados's Comfort Zone.
 21478 | D:14     | Found a snail-covered altar of Cheibriados.
 21711 | D:14     | Reached skill level 12 in Unarmed Combat
 21876 | D:14     | Found a transporter.
 21890 | D:14     | Noticed Uummannaq's ghost (journeyman MiFi)
 22652 | Lair:1   | Entered Level 1 of the Lair of Beasts
 23004 | Lair:1   | You fall into a shaft and drop 1 floor!
 23639 | Lair:2   | Gained mutation: You passively map a small area around you.
                  | [potion of mutation]
 23639 | Lair:2   | Gained mutation: You are somewhat resistant to further
                  | mutation. [potion of mutation]
 23639 | Lair:2   | Gained mutation: You are strong-willed. (Will+) [potion of
                  | mutation]
 24916 | Lair:3   | Found a hole to the Spider Nest.
 27056 | Lair:4   | Reached XP level 14. HP: 65/129 MP: 25/25
 27691 | Lair:4   | Found a staircase to the Swamp.
 27938 | Lair:4   | Noticed Sonja
 27952 | Lair:4   | Killed Sonja
 28590 | Lair:5   | Reached skill level 10 in Dodging
 28630 | Lair:5   | Found a staircase to the Slime Pits.
 29657 | Lair:6   | Entered Level 6 of the Lair of Beasts
 29675 | Lair:5   | Reached skill level 13 in Unarmed Combat
 31297 | Lair:6   | Reached skill level 14 in Unarmed Combat
 32549 | Lair:6   | Noticed Snorg
 34228 | Lair:6   | Slain by a seven-headed hydra

Illustrated notes

Levels and vault maps discovered:
D:1:      dpeg_arrival_round_a, layout_basic, minmay_pentomino_r4
D:2:      layout_basic, fiery_altar_vehumet, uniq_crazy_yiuf_cottage,
          uniq_natasha, uniq_robin
D:3:      layout_loops_ring, lemuel_round_altar,
          lemuel_zombie_altar_yredelemnul, marbit_many_paths,
          minmay_gold_behind_fungi, grunt_gozag_breadcrumbs, uniq_terence,
          uniq_grinder
D:4:      layout_loops_ring, nemelex_xobeh_ov_fountains_minmay, temple_statues,
          nicolae_ossuary_entry_false_entrances, serial_glass, glass_columns_c,
          glass_columns_b
D:5:      layout_basic
D:6:      layout_gridville, kennysheep_mini_moat, cheibriados_altar_1,
          serial_undead, serial_undead_b, serial_undead_b, serial_undead_c,
          serial_undead_f, serial_undead_d, serial_undead_a
D:7:      minmay_the_grid_octo_2x2 [minmay_the_grid_octo_checkered,
          minmay_the_grid_octo_odd_swirl, minmay_the_grid_octo_focus,
          minmay_the_grid_octo_prize_ultimate_mussel_roller], layout_basic,
          nicolae_tso_carved_into_rock
D:8:      layout_gridville, minitemple
D:9:      layout_loops_cross, elyvilon_altar_1, serial_shops,
          nicolae_shop_behind_doors, worms_lemuel
D:10:     layout_loops_cross, david_lair_shrubbed, kennysheep_generic_room_14
D:11:     layout_basic, serial_glass, glass_columns_a, glass_columns_b,
          feat_on_display
D:12:     layout_rooms, erik_orc_4, serial_shops, nicolae_shop_crystal,
          enter_bailey_6, basic_altar
D:13:     layout_loops_ring, portal_ice_cave_rime, basic_altar,
          lemuel_freeze_loot_1, uniq_kirke
D:14:     layout_cave_pools, grunt_vaults_entry_fortified, nzn_ghost_randoct,
          special_room [special_room_bee], kennysheep_flooded_box,
          minmay_shop_chei
D:15:     gammafunk_enter_depths_forms, layout_basic, gammafunk_ghost_grave,
          lemuel_doored_altar, st_stairs_9, eino_curves_04, uniq_agnes
Temple:   minmay_temple_curvy_loop
Lair:1:   layout_small_grid, grunt_megastairs_4, minmay_lair_oklob_chamber
Lair:2:   layout_cave_pods
Lair:3:   layout_regular_city, dummy_spider_entry, infiniplex_staircase_pool_2,
          grunt_megastairs_1
Lair:4:   layout_regular_city, minmay_swamp_entry_swarm, disabler_island,
          uniq_sonja
Lair:5:   layout_concentric_octagons, nicolae_slime_entry_slimehenge
Lair:6:   minmay_lair_end_frog_pond, layout_regular_city, serial_bayou_shore_b,
          serial_bayou_shore_a, uniq_snorg

Skill      XL: |  1  2  3  4  5  6  7  8  9 10 11 12 13 14 |
---------------+-------------------------------------------+-----
Unarmed Combat | 4 5 6 7 11 12 14 | 14.9
Fighting       | 2 3 7 8 10 | 10.6
Dodging        | 4 5 9 10 | 10.0
Transmutations | 8 10 | 10.4
Spellcasting   | 6 7 |  7.5
Invocations    | 9 |  9.8

Action                   |  1- 3 |  4- 6 |  7- 9 | 10-12 | 13-15 || total
-------------------------+-------+-------+-------+-------+-------++-------
Melee: Unarmed           |    77 |   100 |   469 |   548 |   575 ||  1769
       Headbutt          |    13 |    11 |     9 |       |       ||    33
       Kick              |    12 |    18 |    19 |       |       ||    49
       Tailslap          |     7 |    14 |    70 |    57 |    56 ||   204
       Punch             |       |     6 |    15 |    16 |    22 ||    59
 Cast: Beastly Appendage |    18 |     8 |     7 |       |       ||    33
       Wereblood         |       |     3 |     9 |     2 |     4 ||    18
       Blade Hands       |       |       |       |    44 |    82 ||   126
       Ice Form          |       |       |       |     2 |     2 ||     4
Invok: Stomp             |       |     1 |     4 |       |       ||     5
       Line Pass         |       |       |       |     1 |       ||     1
 Abil: Rolling Charge    |       |     4 |    23 |    34 |    36 ||    97
       End Transformatio |       |       |       |       |     2 ||     2
Evoke: Wand              |       |       |     6 |     2 |       ||     8
  Use: Scroll            |     5 |     2 |    10 |     9 |    12 ||    38
       Potion            |     1 |     2 |     1 |     5 |     9 ||    18
 Stab: Sleeping          |       |     1 |     1 |     1 |       ||     3
       Paralysed         |       |     4 |    22 |    38 |    53 ||   117
Armor: Robe              |    24 |    20 |   140 |   199 |   164 ||   547
       Skin              |     6 |     2 |       |     3 |     7 ||    18
Dodge: Dodged            |    31 |    29 |   234 |   285 |   355 ||   934
